 Dungeon Crawl Stone Soup version 0.18.1-48-g4cf74bf (webtiles) character file.

157026 raph the Fencer (level 17, -14/158 HPs)
             Began as a Minotaur Fighter on June 26, 2016.
             Was the Champion of the Shining One.
             Killed by Shatter
             ... invoked by Jorgrun
              (72 damage)
             ... on level 3 of the Swamp on June 27, 2016.
             The game lasted 01:39:56 (34034 turns).

raph the Fencer (Minotaur Fighter)                 Turns: 34034, Time: 01:39:56

Health: -14/158    AC: 25    Str: 27    XL:     17   Next: 11%
Magic:  34/34      EV:  2    Int:  5    God:    the Shining One [******]
Gold:   1599       SH:  0    Dex: 19    Spells: 5 memorised, 8 levels left

rFire  . . .     SeeInvis .     b - +8 great sword (holy)
rCold  . . .     Gourm    .     O - +3 ring mail {rPois}
rNeg   + + +     Faith    .     (shield currently unavailable)
rPois  ∞         Spirit   .     l - +2 hat
rElec  .         Dismiss  .     G - +2 cloak
rCorr  .         Reflect  +     T - +2 pair of gloves
SustAt .         Harm     .     c - +2 pair of boots
MR     +....                    u - +3 amulet of reflection
Stlth  +.........               S - +5 ring of strength
                                W - ring of Athaicw {MP+9 Dex+3}

@: petrified, flying, glowing, studying Invocations, somewhat resistant to
hostile enchantments, very unstealthy
A: retaliatory headbutt, horns 2, talons 1
a: Divine Shield, Cleansing Flame, Summon Divine Warrior, Brand Weapon With Holy
Wrath, Renounce Religion


You were on level 3 of the Swamp.
You worshipped the Shining One.
The Shining One was exalted by your worship.
You were not hungry.

You visited 5 branches of the dungeon, and saw 29 of its levels.
You also visited: Labyrinth and Ice Cave.

You collected 2944 gold pieces.
You spent 1345 gold pieces at shops.

Inventory:

Hand Weapons
 b - a +8 great sword of holy wrath (weapon)
 d - the +7 quarterstaff "Weovin" {crush, rN+ Int+4 Stlth-}
   (You found it on level 13 of the Dungeon)

   It inflicts extra damage upon your enemies.
   It affects your intelligence (+4).
   It protects you from negative energy.
   It makes you less stealthy.
 B - a +3 great sword
 Y - a +0 scimitar of flaming
Missiles
 y - 21 javelins (quivered)
Armour
 c - a +2 pair of boots (worn)
 l - a +2 hat (worn)
 v - the +6 scale mail of the Marlin {rC+ Str+4 Int+4 Dex+3}
   (You bought it in a shop on level 11 of the Dungeon)

   It affects your strength (+4).
   It affects your intelligence (+4).
   It affects your dexterity (+3).
   It protects you from cold.
 G - a +2 cloak (worn)
 O - a +3 ring mail of poison resistance (worn)
 T - a +2 pair of gloves (worn)
Rods
 a - a +9 rod of ignition (17/17)
   (You took it off a minotaur in a labyrinth)
Jewellery
 k - a +5 ring of intelligence
 n - an uncursed ring of wizardry
 o - an uncursed ring of flight
 u - a +3 amulet of reflection (around neck)
 S - a +5 ring of strength (right hand)
 W - the ring of Athaicw (left hand) {MP+9 Dex+3}
   (You found it in a labyrinth)

   [ring of magical power]

   It affects your dexterity (+3).
   It affects your magic capacity (+9).
Wands
 e - a wand of lightning (13/15)
 m - a wand of flame (46/48)
 q - a wand of iceblast (8/15)
 w - a wand of digging (4/24)
 P - a wand of disintegration (8/24)
Scrolls
 g - a scroll of magic mapping
 h - a scroll of amnesia
 i - 12 scrolls of teleportation
 j - 4 scrolls of blinking
 r - 2 scrolls of fear
 z - 8 scrolls of remove curse
 J - 6 scrolls of fog
 L - a scroll of enchant armour
 Q - a scroll of holy word
 U - a scroll of summoning {unknown}
 V - a scroll of recharging
 Z - 11 scrolls of identify
Potions
 p - 2 potions of might
 t - 9 potions of heal wounds
 x - a potion of berserk rage
 A - 5 potions of flight
 C - 8 potions of curing
 D - a potion of agility
 E - 3 potions of resistance
 F - 4 potions of cancellation
Books
 H - a book of Clouds

   Spells                             Type                      Level
   a - Mephitic Cloud                 Conjuration/Poison/Air       3
   b - Conjure Flame                  Conjuration/Fire             3
   c - Poisonous Cloud                Conjuration/Poison/Air       6
   d - Freezing Cloud                 Conjuration/Ice/Air          6
   e - Ring of Flames                 Charms/Fire                  7
 X - a manual of Invocations
Comestibles
 f - 15 bread rations
 s - a meat ration
 N - a royal jelly
 R - 4 chunks of flesh


   Skills:
 + Level 16.2 Fighting
 + Level 18.9 Long Blades
 - Level 3.2 Throwing
 + Level 16.8 Armour
 - Level 12.5 Dodging
   Level 3.6 Shields
 + Level 13.1 Invocations
 - Level 4.4 Evocations


You had 8 spell levels left.
You knew the following spells:

 Your Spells              Type           Power        Failure   Level  Hunger
a - Cure Poison           Pois           #.........   89%         2    ###....
b - Apportation           Tloc           #.........   71%         1    ##.....
c - Repel Missiles        Chrm/Air       #.....       89%         2    ###....
d - Swiftness             Chrm/Air       #.......     89%         2    ###....
e - Summon Butterflies    Summ           #.......     71%         1    ##.....


Dungeon Overview and Level Annotations

Branches:
Dungeon (15/15)            Temple (1/1) D:6            Lair (8/8) D:8
  Swamp (3/4) Lair:6       Spider (0/4) Lair:3        Slime (0/6) Lair:8
    Orc (2/2) D:11            Elf (0/3) Orc:2        Vaults (0/5) D:14
 Depths (0/5) D:15

Altars:
Ashenzari
Cheibriados
Dithmenos
Elyvilon
Fedhas
Gozag
Kikubaaqudgha
Makhleb
Nemelex Xobeh
Pakellas
Qazlal
Ru
Sif Muna
Trog
Vehumet
Xom
Zin
The Shining One
Beogh
Jiyva

Shops:
D:6 (   D:7 %   D:8 [   D:11 }([   Orc:2 :[%=:

Portals:
Trove: D:15 (give wand of heal wounds (9))

Annotations:
Swamp:3 Jorgrun


Innate Abilities, Weirdness & Mutations

You reflexively headbutt those who attack you in melee.
You have a pair of horns on your head.
You have sharp toenails.


Message History

The swamp worm bites you but does no damage. x2
Jorgrun hits you with a staff of earth. Jorgrun crushes you!
Your limbs are stiffening.
You closely miss Jorgrun. Your headbutt misses Jorgrun.
Jorgrun is severely wounded.
The swamp worm closely misses you. Jorgrun hits you but does no damage.
You slice Jorgrun!! You headbutt Jorgrun.
Jorgrun is almost dead.
The swamp worm bites you but does no damage.
You have turned to stone.
Jorgrun gestures wildly while chanting.
The dungeon rumbles around Jorgrun!
The swamp worm dies!
You shudder from the earth-shattering force.
Ouch! That really hurt!
Ka-crash!
Jorgrun gestures wildly while chanting.
The dungeon rumbles around Jorgrun!
You shudder from the earth-shattering force.
You die...

≈≈ ≈≈≈≈♣≈...
≈≈≈≈≈≈.....
.≈......≈≈.
≈♣≈.!.≈≈≈.
♣≈≈≈≈.≈≈≈≈
≈...≈≈≈≈≈
♣.g.≈≈≈≈≈
♣@≈≈≈≈≈..
♣≈≈.≈≈≈≈≈.♣
♣♣♣≈.≈≈≈≈≈.
♣♣)..≈≈≈≈.≈≈
♣♣.≈§≈≈≈≈....
♣♣.≈≈≈≈≈≈≈≈.§≈
♣♣..≈≈≈≈≈≈≈..≈≈
♣.[.≈≈≈≈≈≈≈≈...
≈...♣
♣♣.≈§≈≈≈≈≈≈≈≈.≈♣
≈≈.≈..


You could see Jorgrun.

Vanquished Creatures
  Rupert (Lair:4)
  Gastronok (Lair:2)
  A thorn hunter (Swamp:2)
  Kirke (Lair:8)
  Roxanne (D:14)
  A frost giant (IceCv)
  Maud (D:11)
  Nessos (D:13)
  7 dire elephants
  4 vault guards (D:14)
  A minotaur (Lab)
  An ice dragon (Lair:3)
  Harold (D:10)
  17 hydras
  An anaconda (Lair:8)
  8 centaur warriors
  4 ghost crabs
  Erica (Lair:2)
  2 death yaks (IceCv)
  5 alligators
  3 tengu warriors
  Urug (Orc:1)
  2 orc high priests
  Nergalle (D:12)
  8 spriggans
  A fire crab (Lair:7)
  The ghost of dvd the Covert, a novice OpAs of Dithmenos (D:9)
  5 unseen horrors
  2 swamp dragons (Swamp:2)
  3 hill giants
  An obsidian statue (D:13)
  A shambling mangrove (Swamp:2)
  A spriggan druid (Swamp:3)
  4 orc knights
  A lindwurm (Lair:7)
  A wolf spider zombie (D:14)
  A wolf spider (D:15)
  3 deep elf magi
  A wizard (D:14)
  4 orc sorcerers (Orc:2)
  3 manticores
  3 hornets
  2 griffons (Lair:8)
  A mana viper (shapeshifter) (D:13)
  7 ugly things
  5 cyclopes
  3 slime creatures (D:13)
  Maurice (D:12)
  23 elephants
  2 black mambas
  A torpor snail (Lair:7)
  8 gargoyles
  2 kobold demonologists (D:13)
  19 spiny frogs
  4 centaur skeletons
  10 komodo dragons
  3 rime drakes
  A freezing wraith (D:14)
  A rime drake (shapeshifter) (D:14)
  2 tengu conjurers (D:14)
  2 demonic crawlers (D:13)
  6 trolls
  A harpy zombie (D:14)
  A jumping spider (Lair:3)
  A hornet zombie (D:15)
  A queen bee (D:14)
  5 two-headed ogres
  24 polar bears
  18 blink frogs
  2 boulder beetles
  5 bog bodies
  2 giant leeches
  4 redbacks (Lab)
  3 wyverns
  A vampire (D:14)
  2 shadows
  The ghost of Rationalist the Skirmisher, an amateur MiFi (D:3)
  3 fire bats (D:13)
  2 wraiths
  6 hungry ghosts (Lab)
  A yak (shapeshifter) (D:14)
  A hog (Lair:8)
  2 steam dragons (D:9)
  58 yaks
  Eustachio (D:4)
  3 basilisks
  12 hippogriffs
  3 vampire mosquitoes (Swamp:2)
  A mottled dragon (D:14)
  14 insubstantial wisps
  4 wargs
  6 swamp worms
  15 porcupines
  22 water moccasins
  6 black bears (Lair:2)
  7 swamp drakes
  25 orc warriors
  9 wasps
  4 sky beasts
  An eye of draining (D:15)
  14 ice beasts
  3 phantoms
  9 ogres
  28 wolves
  12 centaurs
  14 crocodiles
  9 big kobolds
  Blork the orc (D:4)
  21 giant frogs
  An earth elemental (Lab)
  A wyvern zombie (D:14)
  6 scorpions
  A wyvern skeleton (D:10)
  45 killer bees
  8 wights
  2 electric eels
  5 howler monkeys
  6 crimson imps
  A vampire bat (D:13)
  5 centaur zombies
  A giant frog zombie (D:12)
  7 quasits
  A giant frog skeleton (D:13)
  Crazy Yiuf (D:5)
  8 hounds
  27 orc priests
  14 jellies
  10 iguanas
  An iron imp (D:13)
  39 orc wizards
  9 hell rats
  22 worker ants
  7 sheep (Lair:3)
  A giant frog simulacrum (D:13)
  A hound zombie (D:10)
  2 hound skeletons
  A howler monkey zombie (D:4)
  2 worker ant zombies
  Robin (D:4)
  11 adders
  3 gnolls (Orc:2)
  46 river rats
  8 shadow imps
  2 white imps (D:13)
  12 oozes
  2 adder skeletons
  An adder zombie (D:7)
  2 worms
  6 giant geckos
  81 orcs
  17 bats
  12 giant cockroaches
  13 goblins
  9 hobgoblins
  8 quokkas
  2 ball pythons (D:3)
  2 giant gecko skeletons
  A giant gecko zombie (D:9)
  9 giant newts
  20 kobolds
  2 quokka skeletons
  24 rats
  3 bushes (D:13)
  A butterfly (D:6)
  A fungus (Lair:8)
  6 plants
1142 creatures vanquished.

Vanquished Creatures (others)
  A giant leech (Swamp:2)
  5 humans (Lair:8)
  3 swamp worms
  A water moccasin (Lair:8)
  A howler monkey (D:13)
  2 bushes (D:13)
  22 fungi
  10 plants
45 creatures vanquished.

Grand Total: 1187 creatures vanquished

Notes
Turn   | Place    | Note
--------------------------------------------------------------
     0 | D:1      | raph the Minotaur Fighter began the quest for the Orb.
     0 | D:1      | Reached XP level 1. HP: 19/19 MP: 0/0
    43 | D:1      | Reached skill level 3 in Long Blades
   144 | D:1      | Reached XP level 2. HP: 26/26 MP: 1/1
   365 | D:1      | Reached skill level 4 in Long Blades
   720 | D:2      | Reached XP level 3. HP: 31/31 MP: 2/2
   896 | D:2      | Reached skill level 5 in Long Blades
  1223 | D:2      | Reached XP level 4. HP: 39/39 MP: 3/3
  1553 | D:3      | Reached skill level 6 in Long Blades
  1557 | D:3      | Reached XP level 5. HP: 26/45 MP: 4/4
  1788 | D:3      | Found a white marble altar of Elyvilon.
  1971 | D:3      | Noticed Rationalist's ghost (amateur MiFi)
  1982 | D:3      | Killed Rationalist's ghost
  1982 | D:3      | Reached skill level 8 in Long Blades
  1982 | D:3      | Reached XP level 6. HP: 6/51 MP: 5/5
  2841 | D:4      | Noticed Blork the orc
  2842 | D:4      | Noticed Robin
  2847 | D:4      | Noticed Eustachio
  2850 | D:4      | Killed Robin
  3124 | D:4      | Found a sparkling altar of Nemelex Xobeh.
  3241 | D:4      | Killed Eustachio
  3241 | D:4      | Reached skill level 9 in Long Blades
  3241 | D:4      | Reached XP level 7. HP: 56/57 MP: 6/6
  3275 | D:4      | Killed Blork the orc
  3669 | D:4      | Reached skill level 10 in Long Blades
  3669 | D:4      | Reached skill level 1 in Dodging
  3850 | D:4      | Reached XP level 8. HP: 50/67 MP: 7/7
  4100 | D:5      | Entered Level 5 of the Dungeon
  4136 | D:5      | Reached skill level 1 in Throwing
  4232 | D:5      | Noticed Crazy Yiuf
  4241 | D:5      | Killed Crazy Yiuf
  4369 | D:5      | Reached skill level 5 in Armour
  4374 | D:5      | Reached skill level 5 in Fighting
  4374 | D:5      | Reached skill level 11 in Long Blades
  4996 | D:6      | Found a sacrificial altar of Ru.
  5171 | D:6      | Found a staircase to the Ecumenical Temple.
  5178 | Temple   | Entered the Ecumenical Temple
  5437 | Temple   | Became a worshipper of the Shining One
  5502 | D:6      | Reached XP level 9. HP: 50/74 MP: 8/8
  5693 | D:6      | Found Myulomm's Antique Weapon Emporium.
  6319 | D:7      | Reached skill level 12 in Long Blades
  6328 | D:7      | Reached skill level 1 in Evocations
  6480 | D:7      | Found a stormy altar of Qazlal.
  6637 | D:7      | Reached * piety under the Shining One
  6793 | D:7      | Learned a level 2 spell: Cure Poison
  6847 | D:7      | Found Himef's Food Boutique.
  7006 | D:7      | Found a deep blue altar of Sif Muna.
  7365 | D:8      | Reached skill level 5 in Dodging
  7455 | D:8      | Reached XP level 10. HP: 72/84 MP: 10/10
  7754 | D:8      | Found a snail-covered altar of Cheibriados.
  7855 | D:8      | Found Ykiwusam's Antique Armour Shoppe.
  7930 | D:8      | Found a staircase to the Lair.
  8117 | Lair:1   | Entered Level 1 of the Lair of Beasts
  8137 | D:8      | Reached skill level 13 in Long Blades
  8655 | Lair:1   | Noticed a spiny frog
  8663 | Lair:1   | Killed a spiny frog
  8821 | Lair:1   | Reached XP level 11. HP: 64/95 MP: 13/13
  9185 | Lair:1   | Gained mutation: You have sharp toenails. [potion of beneficial mutation]
  9402 | Lair:2   | Reached ** piety under the Shining One
  9898 | Lair:2   | Reached skill level 14 in Long Blades
 10136 | Lair:2   | Noticed Gastronok
 10152 | Lair:2   | Killed Gastronok
 10152 | Lair:2   | Reached skill level 10 in Fighting
 10152 | Lair:2   | Reached skill level 10 in Armour
 10198 | Lair:2   | Reached XP level 12. HP: 51/106 MP: 14/14
 10589 | Lair:2   | Noticed Erica
 10600 | Lair:2   | Killed Erica
 11063 | Lair:3   | Found a hole to the Spider Nest.
 11450 | Lair:3   | Noticed an ice dragon
 11468 | Lair:3   | Killed an ice dragon
 11468 | Lair:3   | Reached skill level 15 in Long Blades
 11874 | Lair:3   | You fall through a shaft for 2 floors!
 11874 | Lair:5   | Found a labyrinth entrance.
 11965 | Lab      | Entered a labyrinth
 13947 | Lab      | Reached *** piety under the Shining One
 14151 | Lab      | Noticed a minotaur
 14161 | Lab      | Killed a minotaur
 14161 | Lab      | Reached skill level 10 in Dodging
 14171 | Lab      | Got a shimmering scale mail
 14171 | Lab      | Got a clouded platinum ring
 14186 | Lab      | Identified the +2 scale mail of Polytheism {+Inv MR+} (You found it in a labyrinth)
 14345 | Lair:5   | Identified the ring of Athaicw {MP+9 Dex+3} (You found it in a labyrinth)
 14402 | Lair:5   | Noticed a six-headed hydra
 14409 | Lair:5   | Killed a three-headed hydra
 14640 | Lair:5   | Reached XP level 13. HP: 42/117 MP: 15/15
 15351 | Lair:4   | Noticed Rupert
 15375 | Lair:4   | Killed Rupert
 16594 | Lair:6   | Reached **** piety under the Shining One
 16604 | Lair:6   | Reached skill level 16 in Long Blades
 17157 | Lair:6   | Found a staircase to the Swamp.
 17819 | Lair:7   | Reached skill level 1 in Invocations
 18945 | D:9      | Noticed dvd's ghost (novice OpAs)
 18952 | D:9      | Killed dvd's ghost
 18952 | D:9      | Reached XP level 14. HP: 126/129 MP: 16/16
 19536 | D:10     | Entered Level 10 of the Dungeon
 19561 | D:10     | Identified a +8 rod of ignition (12/12) (You took it off a minotaur in a labyrinth)
 19589 | D:10     | Reached ***** piety under the Shining One
 19654 | D:10     | Noticed Harold
 19662 | D:10     | Killed Harold
 19746 | D:10     | Learned a level 1 spell: Apportation
 19749 | D:10     | Learned a level 2 spell: Repel Missiles
 19978 | D:10     | Learned a level 2 spell: Swiftness
 19980 | D:10     | Learned a level 1 spell: Summon Butterflies
 20218 | D:11     | Found a frozen archway.
 20234 | D:11     | Noticed Maud
 20265 | D:11     | Killed Maud
 20351 | IceCv    | Entered an ice cave
 21096 | IceCv    | Noticed a frost giant
 21115 | IceCv    | Killed a frost giant
 21824 | D:11     | Found Huqehid's Weapon Shop.
 21932 | D:11     | Found a staircase to the Orcish Mines.
 21934 | D:11     | Found Noprah's Armour Shop.
 21946 | D:11     | Bought the +6 scale mail of the Marlin {rC+ Str+4 Int+4 Dex+3} for 995 gold pieces
 22248 | D:11     | Found Sizisch Saymu's Quality Used Wands.
 22415 | Orc:1    | Entered Level 1 of the Orcish Mines
 22475 | Orc:1    | Noticed Urug
 22486 | Orc:1    | Killed Urug
 22542 | Orc:1    | Found a roughly hewn altar of Beogh.
 22837 | Orc:2    | Entered Level 2 of the Orcish Mines
 22918 | Orc:2    | Reached skill level 17 in Long Blades
 23265 | Orc:2    | Found Efuf's Jewellery Shoppe.
 23292 | Orc:2    | Found a staircase to the Elven Halls.
 23308 | Orc:1    | Reached skill level 5 in Invocations
 23774 | Orc:2    | Paralysed by an orc sorcerer for 7 turns
 23922 | Orc:2    | Bought a +3 amulet of reflection for 350 gold pieces
 24012 | Orc:2    | Found Utotzuz's Food Emporium.
 24012 | Orc:2    | Found Duoxka Wikas's Book Emporium.
 24014 | Orc:2    | Found Itruucasm's Armour Shoppe.
 24021 | Orc:2    | Found Falypt's Book Shoppe.
 24415 | Orc:1    | Reached ****** piety under the Shining One
 24750 | D:12     | Noticed Maurice
 24753 | D:12     | Noticed Nergalle
 24758 | D:12     | Killed Maurice
 24763 | D:12     | Killed Nergalle
 24763 | D:12     | Reached XP level 15. HP: 138/138 MP: 18/18
 25280 | D:13     | Reached skill level 15 in Armour
 25549 | D:13     | Got a polished quarterstaff
 25550 | D:13     | Identified the +7 quarterstaff "Weovin" {crush, rN+ Int+4 Stlth-} (You found it on level 13 of the Dungeon)
 25587 | D:13     | Found a shimmering altar of Xom.
 25995 | D:13     | Noticed Nessos
 26003 | D:13     | Killed Nessos
 26717 | D:14     | Found an opulent altar of Gozag.
 26802 | D:14     | Found a shadowy altar of Dithmenos.
 27173 | D:14     | Reached skill level 15 in Fighting
 27249 | D:14     | Found a gate to the Vaults.
 27342 | D:14     | Noticed Roxanne
 27359 | D:14     | Killed Roxanne
 27361 | D:14     | Identified Roxanne's Collected Works on Moulding (You took it off Roxanne on level 14 of the Dungeon)
 27764 | D:14     | Reached XP level 16. HP: 149/149 MP: 22/22
 27913 | D:15     | Entered Level 15 of the Dungeon
 27987 | D:15     | Reached skill level 18 in Long Blades
 28008 | D:15     | Reached skill level 10 in Invocations
 28324 | D:15     | Found a staircase to the Depths.
 28465 | D:15     | Found a portal to a secret trove of treasure.
 29095 | Lair:8   | Entered Level 8 of the Lair of Beasts
 29257 | Lair:8   | Noticed Kirke
 29265 | Lair:8   | Killed Kirke
 29355 | Lair:8   | Got a smoking robe
 29366 | Lair:8   | Identified the cursed +0 robe of Egalitarianism {rElec rCorr Str+7} (You found it on level 8 of the Lair of Beasts)
 29630 | Lair:8   | Found a viscous altar of Jiyva.
 29630 | Lair:8   | Found a staircase to the Slime Pits.
 30331 | Lair:8   | Got a transparent brass ring
 30334 | Lair:8   | Identified the ring of Uckeija {*Tele rElec} (You found it on level 8 of the Lair of Beasts)
 31217 | Swamp:1  | Entered Level 1 of the Swamp
 33341 | Swamp:2  | Noticed a thorn hunter
 33347 | Swamp:2  | Killed a thorn hunter
 33347 | Swamp:2  | Reached XP level 17. HP: 99/158 MP: 25/25
 34018 | Swamp:3  | Noticed Jorgrun
 34034 | Swamp:3  | Killed from afar by Jorgrun

Skill      XL: |  1  2  3  4  5  6  7  8  9 10 11 12 13 14 15 16 17 |
---------------+----------------------------------------------------+-----
Long Blades    | 3 4 5 6 8 9 10 11 12 13 14 15 16 17 18 | 18.9
Fighting       | 4 5 6 8 10 11 13 14 15 16 | 16.2
Armour         | 4 5 7 8 10 11 13 14 15 16 | 16.8
Dodging        | 1 3 5 6 8 10 11 12 | 12.5
Throwing       | 3 |  3.2
Evocations     | 2 4 |  4.4
Invocations    | 2 6 9 12 13 | 13.1
Shields        | |  3.6

Action                   |  1- 3 |  4- 6 |  7- 9 | 10-12 | 13-15 | 16-18 || total
-------------------------+-------+-------+-------+-------+-------+-------++-------
Melee: Long sword        |   104 |   136 |   430 |   402 |       |       ||  1072
       Headbutt          |     6 |    27 |    78 |   153 |   305 |   148 ||   717
       Falchion          |       |       |     5 |       |       |       ||     5
       Scimitar          |       |       |       |   200 |    31 |    36 ||   267
       Great sword       |       |       |       |    46 |  1125 |   439 ||  1610
Throw: Javelin           |       |       |     3 |     5 |    17 |       ||    25
 Cast: Repel Missiles    |       |       |       |       |     2 |       ||     2
Invok: Divine Shield     |       |       |       |     1 |     5 |       ||     6
Evoke: Wand              |       |       |       |     1 |       |       ||     1
       Rod               |       |       |       |       |     8 |     4 ||    12
  Use: Scroll            |       |       |    15 |    13 |    12 |     4 ||    44
       Potion            |       |       |       |     3 |     3 |     1 ||     7
  Eat: Chunk             |     1 |     7 |    13 |    16 |    40 |     9 ||    86
       Meat ration       |       |       |       |     3 |     1 |     1 ||     5
       Beef jerky        |       |       |       |       |       |     3 ||     3
       Bread ration      |       |       |       |       |       |     1 ||     1
Armor: Scale mail        |    52 |    49 |    96 |       |   209 |   155 ||   561
       Chain mail        |       |       |    70 |   262 |       |       ||   332
       Plate armour      |       |       |       |    31 |   269 |       ||   300
       Ring mail         |       |       |       |       |       |    70 ||    70
       Robe              |       |       |       |       |       |     1 ||     1
Dodge: Dodged            |    39 |    26 |   129 |   242 |  1009 |   473 ||  1918
       Deflected         |       |       |       |       |     3 |       ||     3
Block: Shield            |    57 |    56 |   151 |   261 |       |       ||   525
       Other             |       |       |       |       |    68 |    54 ||   122
       Reflection        |       |       |       |       |     3 |       ||     3
